Map: Ruins of Seras

Players

MMA - Winner!

  • Race: Terran Terran

IlIlllIIl (Stephano)

  • Race: Zerg Zerg
  • League: Grandmaster

Event: Homestory Cup XII

VOD

Have the link to the VOD?

Description

Time

  • Played on: Dec. 18, 2015, 12:12 p.m.
  • Length: 9:15

All games in this series

Show
View Real Time Build Order
Export as new Build Order

MMA Terran - Winner!

Build Orders: Hellion Opening, Reaper Expand, MMM Bio 

Get SALT Encoding   

  12  0:00  SCV  
  13  0:12  SCV  
  14  0:17  Supply Depot  
  14  0:24  SCV  
  15  0:39  SCV  
  15  0:41  Barracks  
  16  0:45  Refinery  
  16  0:51  SCV  
  17  1:03  SCV  
  18  1:15  SCV  
  19  1:28  Reaper, Orbital Command  
  20  1:42  Command Center  
  20  1:50  Supply Depot  
  20  1:54  SCV  
  21  2:00  Marine  
  22  2:06  SCV  
  23  2:09  Factory  
  23  2:18  SCV  
  23  2:19  Refinery  
  23  2:22  Barracks Reactor  
  24  2:30  SCV  
  25  2:42  SCV  
  26  2:54  SCV, Orbital Command  
  26  2:56  Starport  
  27  3:03  Hellion x2  
  31  3:06  SCV  
  31  3:07  Marine  
  33  3:16  Supply Depot  
  33  3:18  SCV  
  34  3:21  SCV  
  34  3:24  Hellion  
  34  3:25  Marine  
  38  3:28  Hellion  
  38  3:30  SCV  
  38  3:33  SCV, Medivac  
  44  3:39  Supply Depot  
  44  3:42  Marine  
  44  3:46  Armory  
  45  3:50  SCV x2  
  45  3:54  Hellion  
  49  3:59  Hellion  
  49  4:01  Barracks Tech Lab  
  51  4:04  SCV x2  
  51  4:09  Liberator  
  53  4:16  Hellion  
  53  4:19  SCV x2  
  53  4:20  Hellion  
  59  4:37  SCV  
  60  4:41  Supply Depot  
  60  4:43  Supply Depot  
  60  4:47  SCV  
  60  4:49  SCV  
  60  4:54  Hellion  
  62  5:01  SCV x2  
  62  5:03  Hellion, Liberator  
  62  5:14  SCV x2  
  62  5:16  Hellion  
  62  5:18  Command Center  
  69  5:25  Hellion  
  69  5:27  Marine  
  69  5:28  Stimpack  
  72  5:32  SCV x2  
  67  5:37  Hellion  
  59  5:45  SCV, Engineering Bay x2, Marine  
  59  5:46  SCV, Hellion  
  62  5:59  SCV x2, Hellion  
  62  6:03  Marine  
  67  6:07  Hellion  
  67  6:10  Barracks x2  
  67  6:11  Barracks x2  
  69  6:15  Refinery, Starport Reactor  
  69  6:18  SCV x2  
  71  6:21  Marine  
  71  6:23  Hellion  
  74  6:29  Hellion  
  74  6:31  Orbital Command  
  76  6:33  SCV x2  
  76  6:39  Marine  
  79  6:42  Terran Infantry Weapons Level 1, Terran Infantry Armor Level 1  
  79  6:45  Hellion  
  81  6:50  Hellion, Refinery  
  81  6:51  SCV x2, Orbital Command  
  85  6:55  Medivac x2  
  85  6:57  Marine  
  85  7:00  Barracks Reactor  
  85  7:01  Barracks Reactor x2  
  90  7:02  Barracks Reactor  
  90  7:07  SCV x2  
  89  7:11  Supply Depot  
  89  7:12  Supply Depot  
  89  7:15  Marine  
  90  7:19  SCV x2  
  90  7:22  SCV  
  93  7:33  SCV, Hellion x2, Marine  
  95  7:43  Marine x7  
  95  7:44  Marine  
  101  7:46  SCV  
  101  7:47  Supply Depot, SCV  
  101  7:48  SCV  
  101  7:49  Supply Depot  
  103  7:53  Combat Shields  
  103  7:56  Marine  
  103  7:58  SCV, Hellion x2  
  105  7:59  SCV, Medivac  
  105  8:03  Supply Depot  
  109  8:08  SCV, Medivac, Marine x5  
  109  8:11  SCV  
  119  8:16  Marine x4  
  119  8:19  Hellion  
  125  8:25  Supply Depot, Hellion  
  125  8:26  Marine  
  127  8:27  Supply Depot  
  127  8:28  Barracks  
  127  8:29  Barracks, Marine x4  
  127  8:30  Barracks  
  127  8:31  Medivac  
  133  8:47  Marauder  
  137  8:50  Supply Depot x2  
  137  8:51  Supply Depot  
  137  8:52  Supply Depot  
  137  8:53  Marine x3  
  137  8:54  Supply Depot  
Show
View Real Time Build Order
Export as new Build Order

IlIlllIIl Zerg 

Build Orders: Hatch First 

Get SALT Encoding   

  12  0:01  Drone  
  13  0:12  Overlord  
  13  0:19  Drone  
  14  0:31  Drone x2  
  14  0:34  Drone  
  17  0:53  Hatchery  
  17  0:56  Drone  
  17  0:59  Drone  
  18  1:10  Extractor  
  17  1:15  Spawning Pool  
  17  1:18  Drone  
  17  1:21  Drone  
  18  1:28  Drone  
  19  1:39  Drone  
  20  1:51  Overlord  
  20  2:04  Zergling x2  
  20  2:05  Queen x2  
  20  2:07  Drone  
  26  2:09  Metabolic Boost  
  26  2:11  Zergling x2  
  27  2:16  Drone  
  28  2:23  Overlord  
  27  2:38  Drone x2  
  27  2:42  Queen x2  
  32  2:48  Drone  
  32  2:49  Drone x2  
  35  2:57  Overlord  
  35  3:04  Drone  
  36  3:07  Drone  
  36  3:10  Overlord  
  37  3:15  Drone  
  37  3:17  Drone  
  37  3:18  Drone x2  
  41  3:20  Drone  
  41  3:21  Zergling x4  
  41  3:22  Zergling x2  
  41  3:26  Queen  
  47  3:34  Drone x2  
  47  3:38  Extractor  
  48  3:46  Hatchery  
  47  3:51  Zergling x6  
  47  3:53  Drone  
  47  3:54  Drone  
  47  3:55  Drone  
  53  3:59  Drone  
  53  4:01  Drone  
  55  4:11  Drone x2  
  55  4:16  Queen  
  55  4:29  Queen  
  55  4:30  Evolution Chamber x2, Spine Crawler  
  51  4:31  Zergling x2  
  51  4:32  Zergling x10  
  51  4:38  Drone x2, Spore Crawler  
  59  4:41  Zergling x2  
  59  4:51  Zergling x2  
  60  4:55  Zergling x2  
  60  4:56  Zergling x4  
  55  5:00  Zergling x2  
  55  5:05  Zergling x12  
  61  5:10  Zergling x2  
  57  5:14  Queen  
  57  5:15  Queen  
  57  5:17  Zergling x2  
  57  5:19  Zergling x4  
  55  5:32  Zergling x8  
  57  5:36  Zergling x6  
  54  5:43  Spore Crawler  
  54  5:44  Zerg Melee Weapons Level 1  
  54  5:47  Zerg Ground Armor Level 1  
  53  5:53  Drone x3  
  53  5:54  Drone  
  53  5:55  Drone  
  56  6:02  Drone x4  
  57  6:07  Queen  
  57  6:08  Drone  
  57  6:25  Drone x4  
  56  6:30  Drone x3  
  56  6:31  Lair  
  59  6:35  Drone  
  59  6:37  Zergling x6  
  59  6:38  Zergling x4  
  63  6:43  Drone x2  
  65  6:48  Extractor  
  65  6:54  Overlord  
  64  6:55  Queen  
  64  6:58  Baneling Nest  
  62  7:05  Drone x3  
  65  7:16  Zergling x4  
  65  7:17  Zergling x12  
  62  7:40  Zergling x2  
  62  7:41  Zergling x16  
  66  7:57  Drone x2  
  67  7:59  Spire, Baneling x3  
  67  8:00  Baneling x4  
  67  8:01  Baneling x2  
  67  8:03  Extractor  
  67  8:05  Extractor  
  64  8:10  Zergling x12  
  67  8:19  Overlord x2  
  62  8:28  Drone x4  
  62  8:29  Overlord  
  62  8:33  Overlord  
  66  8:39  Zergling x8  
  70  8:48  Zergling x10  
  75  8:52  Zergling x6  
  76  9:01  Baneling  
Tags
 
Add a new tag
Caveats
  • Supply blocks, unpowered buildings, or Contaminate may cause inaccurate times.
  • Supply counts are checked every 10 seconds.